Description

-

Replay - TvT rush

Build Order

Get SALT Encoding   

  12  0:01  SCV  
  13  0:14  SCV  
  14  0:18  Supply Depot  
  14  0:26  SCV  
  15  0:29  Refinery  
  15  0:40  SCV  
  16  0:46  Barracks  
  16  0:52  SCV  
  16  0:56  Refinery  
  17  1:04  SCV  
  18  1:16  SCV  
  19  1:33  Orbital Command  
  19  1:34  Reaper  
  19  1:37  Factory  
  20  1:47  Supply Depot  
  20  1:58  SCV  
  21  2:06  Reaper  
  22  2:11  SCV  
  23  2:23  SCV, Starport  
  23  2:25  Cyclone  
  28  2:45  Barracks Tech Lab, Supply Depot  
  28  2:57  Cyclone  
  31  3:12  Banshee  
  34  3:20  Cloaking Field  
  34  3:27  Command Center  
  35  3:38  Supply Depot  
  35  3:44  Barracks Tech Lab  
  35  3:47  Factory Reactor  
  36  4:00  Banshee  
  40  4:11  Stimpack  
  42  4:34  Engineering Bay, Barracks x2  
  42  4:43  Orbital Command  
  44  5:05  Marine  
  44  5:06  Siege Tank  
  48  5:08  Medivac x2  
  55  5:24  Supply Depot  
  55  5:27  Barracks Reactor  
  56  5:32  Refinery x2, Barracks Reactor  
  58  5:39  Marine  
  62  5:57  Siege Tank  
  62  6:02  Marine x3  
  69  6:09  Marine x2  
  72  6:14  Medivac x2  
  77  6:20  Marine  
  79  6:28  Terran Infantry Weapons Level 1  
  81  6:37  Command Center  
  81  6:41  Siege Tank  
  81  6:43  Marine x2  
  88  6:50  Combat Shields  
  88  6:53  Medivac  
  94  7:09  Engineering Bay  
  94  7:12  Armory  
  96  7:29  Barracks x2  
  96  7:33  Factory  
  101  7:37  Siege Tank  
  104  7:51  Medivac x2  
  108  7:58  Orbital Command  
  111  8:18  Barracks Reactor x2  
  113  8:21  Factory Tech Lab, Medivac  
  115  8:32  Siege Tank  
  136  8:59  Refinery x2  
Spawning Tool Build Advisor. Get it on Overwolf

Analysis

-

Go to:

Details

  • Created by: Michauter
  • Published on: Dec 31, 2017
  • Modified on: Dec 31, 2017
  • Patch: 4.0.0
Show
View Real Time Build Order
Export as new Build Order

Comments (1)

On Feb. 23, 2018, 11:17 a.m., haine92  said:

Maybe 2 vikings instead of 2 medivacs at the beginning of the starport + reactor production ? Because in the replay, you dont seem to do much with them. Or maybe 1 medivac + 1 viking to drop the 2 cyclones.

Create an account to comment!